 Dungeon Crawl Stone Soup version 0.31-a0-175-g9f7f995f2b (webtiles) character file.

Game seed: 2444274543783730114

35 qw the Chopper (level 3, -1/23 HPs)
             Began as a Gargoyle Fighter on June 17, 2023.
             Slain by Sigmund
             ... wielding a +0 scythe
              (3 damage)
             ... on level 2 of the Dungeon.
             The game lasted 00:00:22 (1054 turns).

qw the Chopper (Gargoyle Fighter)                   Turns: 1054, Time: 00:00:23

Health: -1/23      AC: 10    Str: 21    XL:     3   Next: 33%
Magic:  3/3        EV:  9    Int:  8    God:
Gold:   53         SH:  4    Dex:  9    Spells: 2/2 levels left

rFire   . . .        Y - +1 war axe
rCold   . . .        c - +0 buckler
rNeg    + . .        b - +0 scale mail
rPois   inf          (no helmet)
rElec   +            (no cloak)
rCorr   .            (no gloves)
SInv    .            (no boots)
Will    .....        (no amulet) Stlth
                     (no ring)
HPRegen 0.23/turn    (no ring)
MPRegen 0.08/turn

%: no passive effects
@: no status effects
A: sickness immunity, AC +3, negative energy resistance 1, electricity
resistance, torment resistance 1, petrification resistance
a: no special abilities


You were on level 2 of the Dungeon.
You visited 1 branch of the dungeon, and saw 2 of its levels.

You collected 53 gold pieces.


Innate Abilities, Weirdness & Mutations

You are immune to sickness and miasma.
Your stone body is resilient. (AC +3)
You are immune to poison.
You resist negative energy. (rN+)
You are resistant to electric shocks. (rElec)
You are resistant to unholy torment.
You are immune to petrification.


   Skills:
 - Level 3.2 Fighting
 + Level 3.3 Axes
 - Level 3.2 Armour
 - Level 3.2 Shields


You had 2 spell levels left.
You didn't know any spells.
Your spell library was empty.

Inventory:

Hand Weapons
 a - a +0 mace
 Y - a +1 war axe (weapon)
Armour
 b - a +0 scale mail (worn)
 c - a +0 buckler (worn)
Potions
 d - a potion of might

Dungeon Overview and Level Annotations

Branches:
Dungeon (2/15)

Altars:

Shops:
D:1 :

Annotations:
D:2 Sigmund


Message History

The endoplasm quivers.
You hit the endoplasm.
You kill the endoplasm!
Found a book of Annihilations.
A dart slug comes into view.
1041 ||| Stepping ~*~*~tactically~*~*~ (hiding).
You start waiting.
A dart slug is nearby!
Sigmund the Dreaded comes into view.
He is wielding a +0 scythe.
Sigmund shouts!
You hear an angry hiss.
The dart slug closely misses you.
You hit the dart slug.
The dart slug is moderately wounded.
Sigmund casts a spell.
Sigmund flickers and vanishes!
Deactivating autopickup; reactivate with Ctrl-A.
You block the dart slug's attack.
You hit the dart slug.
The dart slug is severely wounded.
Something hits you.
The dart slug bites you but does no damage.
You slash the dart slug!
You kill the dart slug!
Something hits you.
An adder comes into view.
The adder hisses angrily.
You block something's attack.
You see here a dart slug corpse.
You barely miss something. Something hits you!
You miss something.
You hear some strange, mumbled words.
A puff of flame appears from out of thin air!
The puff of flame hits you!
You barely miss something.
You hear some strange, mumbled words.
Something tries to affect you, but you resist.
You barely miss something. Something hits you.
You die...

********* #######.####
*,,,...,*****#.......#
*,**...,,,.....#...#..
*,**...,#*#####.....##
*,**#.#.# ##......
*,*##.#.* ##.####
*,,,.S.,* #.# #
****#{#** #.# # #@#
##+## # #.### ##...###
#...# ##.....## ###.##
##.......#
##...####.........
#.......+..>......
##...####.........
#..## ##...<...# #.##
##.....##


You could see an adder.

Vanquished Creatures
  An adder (D:2)
  A dart slug (D:2)
  2 endoplasms (D:2)
  A goblin (D:1)
  2 hobgoblins (D:1)
  4 jackals (D:1)
  4 ball pythons (D:1)
  3 bats
  5 frilled lizards (D:1)
23 creatures vanquished.

Notes
Turn   | Place    | Note
-------+----------+-------------------------------------------
     0 | D:1      | qw the Gargoyle Fighter began the quest for the Orb.
     0 | D:1      | Reached XP level 1. HP: 14/14 MP: 1/1
     0 | D:1      | 0 ||| qw: Version: 0.3-a-2-g5ab2908
     0 | D:1      | 0 ||| qw: Game counter: 271
     0 | D:1      | 0 ||| qw: Always use a shield: true
     0 | D:1      | 0 ||| qw: God list: Okawaru
     0 | D:1      | 0 ||| qw: Allow faded altars: false
     0 | D:1      | 0 ||| qw: Do Orc after D:15 true
     0 | D:1      | 0 ||| qw: Do second Lair branch before Depths: true
     0 | D:1      | 0 ||| qw: Lair rune preference: random
     0 | D:1      | 0 ||| qw: Plans: Normal, Zot:1-4, Slime:5, God:TSO, Crypt,
                  | Tomb, Abyss, Pan, Hells, Win
     0 | D:1      | 0 ||| PLANNING D:1-11
    69 | D:1      | Found Ynudofaomp's Book Emporium.
   175 | D:1      | Reached XP level 2. HP: 19/19 MP: 2/2
   411 | D:1      | 411 ||| Stepping ~*~*~tactically~*~*~ (stealth).
   442 | D:1      | You fall into a shaft and drop 1 floor!
   464 | D:2      | 464 ||| Stepping ~*~*~tactically~*~*~ (stealth).
   518 | D:2      | Reached skill level 3 in Axes
   531 | D:2      | 531 ||| READING scroll labelled XEYLIFUONE.
   532 | D:2      | 532 ||| READING scroll labelled LIPPED SOAS.
   548 | D:1      | Reached XP level 3. HP: 23/23 MP: 3/3
   583 | D:1      | 583 ||| DROPPING +0 whip.
   937 | D:1      | 937 ||| READING scroll labelled ULYDAU SIOCONUI.
  1041 | D:2      | 1041 ||| Stepping ~*~*~tactically~*~*~ (hiding).
  1046 | D:2      | Noticed Sigmund
  1052 | D:2      | HP: 1/23 [something/puff of flame (8)]
  1054 | D:2      | Slain by Sigmund

Levels and vault maps discovered:
D:1:      dpeg_arrival_court, layout_loops_ring, serial_shops,
          nicolae_book_shop_shelving
D:2:      layout_loops_corners, minmay_pentomino_z4, uniq_terence, uniq_sigmund,
          uniq_natasha

Skill      XL: |  1  2 |
---------------+-------+-----
Axes           | 2 3 |  3.3
Fighting       | |  3.2
Armour         | |  3.2
Shields        | |  3.2

Action                     || total
---------------------------++-------
  Melee: War axe           ||    57
    Use: Scroll            ||     3
 Armour: Scale mail        ||    30
  Dodge: Dodged            ||    20
  Block: Buckler           ||    11

Table legend:
 A = Non-vault XP
 B = Vault XP
 C = Vault XP percentage of total XP
 D = Non-vault monster count
 E = Vault monster count
 F = Vault count percentage of total count
                 A         B        C        D         E       F
            +---------+---------+-------+---------+---------+-------
      Total |      50 |       0 |   0.0 |      23 |       0 |   0.0
            +---------+---------+-------+---------+---------+-------
        D:1 |      28 |       0 |   0.0 |      18 |       0 |   0.0
        D:2 |      22 |       0 |   0.0 |       5 |       0 |   0.0
            +---------+---------+-------+---------+---------+-------
